Map: Torches LE

Players

Etherodox

  • Race: Terran Terran
  • League: Master
  • Spawn Location: 1:00

Direktor - Winner!

  • Race: Zerg Zerg
  • Spawn Location: 5:00

VOD

Have the link to the VOD?

Description

Time

  • Played on: Sept. 6, 2025, 4:40 p.m.
  • Length: 22:34
Show
View Real Time Build Order
Export as new Build Order

Etherodox Terran 

Build Orders: Mech 

Get SALT Encoding   

  12  0:02  SCV  
  13  0:15  SCV  
  13  0:18  Supply Depot  
  14  0:27  SCV  
  15  0:39  SCV  
  15  0:40  Barracks  
  16  0:45  Refinery  
  16  0:52  SCV  
  17  1:04  SCV  
  18  1:16  SCV  
  19  1:28  SCV  
  20  1:34  Reaper  
  21  1:40  Orbital Command  
  21  1:54  Command Center  
  21  2:02  Supply Depot  
  21  2:06  Marine  
  21  2:08  SCV  
  23  2:17  Factory  
  23  2:23  SCV  
  23  2:29  Refinery  
  24  2:31  Barracks Reactor  
  24  2:35  SCV  
  25  2:47  SCV  
  26  2:59  SCV  
  27  3:12  SCV, Orbital Command  
  28  3:24  SCV  
  28  3:26  Supply Depot  
  29  3:34  Barracks, Barracks Tech Lab  
  29  3:36  Hellion x2  
  29  3:37  SCV x2  
  35  3:49  Supply Depot  
  35  3:55  Stimpack  
  35  3:57  Hellion, SCV x2  
  39  4:09  SCV x2  
  41  4:11  Supply Depot  
  41  4:17  Marine  
  41  4:19  Supply Depot  
  41  4:21  SCV  
  43  4:40  Starport  
  43  4:41  SCV x2  
  43  4:44  Factory Tech Lab  
  45  4:53  SCV x2  
  45  4:59  Marine x2  
  49  5:00  Command Center  
  49  5:04  Armory  
  49  5:05  SCV  
  49  5:06  Armory  
  50  5:08  Siege Tank  
  50  5:09  Marine  
  50  5:10  Factory  
  54  5:15  SCV  
  54  5:17  Marine x2, SCV  
  58  5:23  Refinery  
  58  5:27  SCV  
  61  5:29  SCV, Marauder  
  61  5:35  Marine x2  
  64  5:39  SCV  
  64  5:41  SCV  
  66  5:46  Refinery  
  66  5:51  SCV  
  66  5:52  Engineering Bay  
  66  5:53  Terran Vehicle Weapons Level 1, SCV  
  66  5:54  Terran Vehicle And Ship Armor Level 1  
  66  5:55  Siege Tank  
  66  5:56  Combat Shield  
  71  5:58  Marine x2, Marauder  
  71  6:01  Starport Reactor  
  71  6:04  Factory Tech Lab  
  75  6:05  SCV  
  75  6:10  SCV  
  77  6:16  Marine  
  78  6:21  SCV  
  78  6:22  SCV  
  80  6:30  Siege Tank  
  80  6:31  Siege Tank  
  88  6:33  Marine, SCV  
  88  6:34  Marine, SCV  
  92  6:45  Supply Depot  
  92  6:46  Medivac, Supply Depot x2  
  92  7:00  Supply Depot  
  92  7:02  Supply Depot  
  92  7:06  Medivac, Supply Depot  
  94  7:11  Siege Tank x2  
  94  7:15  Marine x2, Marauder  
  104  7:26  Factory  
  104  7:30  Orbital Command  
  104  7:31  SCV x2  
  106  7:38  Refinery  
  106  7:43  SCV  
  106  7:44  SCV  
  108  7:49  Siege Tank  
  113  7:51  Drilling Claws, Widow Mine  
  113  7:52  Infernal Pre-Igniter  
  113  7:54  Refinery  
  113  7:56  SCV x2  
  115  8:05  SCV  
  116  8:07  Terran Vehicle Weapons Level 2  
  116  8:08  SCV x2  
  118  8:17  SCV  
  119  8:20  SCV x2, Terran Vehicle And Ship Armor Level 2  
  119  8:26  Command Center  
  121  8:37  Siege Tank, Barracks  
  121  8:39  Widow Mine  
  126  8:41  Barracks  
  126  8:43  Terran Infantry Weapons Level 1  
  126  8:48  Supply Depot  
  126  8:50  Supply Depot x2  
  126  8:52  Supply Depot  
  126  8:53  Medivac x2  
  126  8:55  Supply Depot  
  130  8:56  SCV x2  
  130  9:01  Widow Mine  
  134  9:04  Marine  
  134  9:05  Marine  
  134  9:09  Refinery  
  136  9:13  Factory Reactor  
  136  9:16  Barracks Reactor  
  136  9:22  Siege Tank, Marine  
  136  9:23  Marine  
  141  9:24  Factory x2  
  141  9:26  Hellbat  
  141  9:30  SCV x3  
  146  9:40  Marine x2  
  146  9:42  SCV x2  
  150  9:47  Widow Mine  
  150  9:50  Refinery  
  152  9:54  Supply Depot  
  152  9:55  Supply Depot  
  150  10:28  Siege Tank  
  150  10:29  Siege Tank  
  150  10:31  Factory Tech Lab  
  150  10:35  Marine x2  
  157  10:36  Barracks Reactor  
  157  10:38  Marine x2, Factory Tech Lab  
  157  10:42  Viking x2  
  164  10:53  Marine x2  
  164  10:54  Widow Mine, Hellbat  
  164  10:55  Terran Vehicle And Ship Armor Level 3, Terran Vehicle Weapons Level 3  
  170  10:58  Marine x2  
  170  11:01  Siege Tank x2  
  170  11:03  Planetary Fortress  
  178  11:11  Marine x2  
  178  11:15  Command Center, Widow Mine, Hellbat  
  178  11:16  Marine x2  
  186  11:29  Viking  
  186  11:30  Viking  
  190  11:33  Siege Tank  
  193  11:43  Command Center  
  193  11:46  Ghost Academy  
  193  11:49  Starport  
  193  11:51  Starport  
  193  11:52  Siege Tank, Fusion Core  
  196  11:54  Marine x3  
  186  12:15  Siege Tank  
  141  12:18  Hellion, Widow Mine  
  128  12:24  Siege Tank  
  128  12:27  Medivac, Liberator  
  128  12:29  Siege Tank x2  
  138  12:32  Marine x4  
  136  12:39  Widow Mine  
  138  12:47  Siege Tank  
  141  12:55  Marine x4  
  144  12:59  Missile Turret  
  144  13:01  Siege Tank  
  144  13:02  Missile Turret  
  144  13:04  Missile Turret  
  145  13:13  Marine x4  
  135  13:23  Thor x3  
  148  13:28  SCV x3  
  148  13:31  Marine x3  
  148  13:33  Thor  
  155  13:34  Missile Turret  
  155  13:40  SCV x3  
  153  13:42  Viking x2  
  155  13:49  Widow Mine, Hellbat  
  155  13:52  Marine x6, SCV x2  
  167  13:59  Command Center  
  167  14:05  Missile Turret  
  167  14:06  Siege Tank  
  167  14:08  Missile Turret  
  167  14:09  Hellion  
  172  14:10  Marine x4  
  172  14:11  Viking  
  172  14:12  Missile Turret  
  172  14:13  SCV x3  
  168  14:36  Siege Tank x3  
  168  14:38  Siege Tank  
  153  14:56  Marine  
  145  15:08  Siege Tank x3  
  145  15:10  Siege Tank  
  145  15:11  Hellbat  
  153  15:18  Viking  
  153  15:20  Marine x2  
  157  15:40  Siege Tank  
  157  15:41  Siege Tank x2  
  157  15:42  Siege Tank  
  169  15:43  SCV  
  169  15:44  SCV  
  143  16:19  Barracks Tech Lab  
  143  16:23  Ghost Academy  
  132  16:46  Siege Tank x2  
  139  16:52  Orbital Command  
  138  16:57  Personal Cloaking  
  138  16:59  Terran Infantry Weapons Level 2  
  138  17:00  Ghost  
  138  17:01  Ghost  
  141  17:13  Factory Tech Lab  
  141  17:18  Siege Tank x2  
  147  17:24  Refinery x2  
  147  17:25  Refinery, Command Center  
  147  17:26  Refinery  
  147  17:29  Ghost  
  147  17:32  Ghost x2  
  147  17:34  Siege Tank  
  143  17:50  Siege Tank x2  
  138  17:58  Ghost  
  138  18:01  Ghost  
  144  18:06  Thor, Widow Mine, Hellbat  
  144  18:07  Marine  
  144  18:10  Viking x2  
  156  18:19  SCV x3  
  159  18:22  Siege Tank  
  159  18:25  Marine  
  160  18:31  SCV x3  
  160  18:45  Siege Tank  
  160  18:46  Widow Mine, Hellbat  
  134  18:49  Siege Tank  
  134  18:55  Siege Tank  
  120  19:18  Siege Tank  
  120  19:19  Marine x3  
  120  19:21  Siege Tank  
  129  19:27  Siege Tank  
  132  19:37  Reaper  
  133  19:50  Siege Tank  
  136  19:53  Siege Tank  
  136  19:59  Siege Tank  
  142  20:04  SCV x2  
  142  20:05  Planetary Fortress  
  144  20:16  Ghost  
  144  20:21  Ghost, Hellbat x2  
  151  20:22  Siege Tank  
  151  20:23  Factory Tech Lab  
  151  20:25  Marine  
  151  20:26  Command Center  
  151  20:27  Viking x2  
  162  20:34  Starport  
  162  20:38  Starport x2  
  162  20:39  Starport  
  162  20:42  SCV x3, Widow Mine  
  167  20:45  Ghost  
  167  20:47  Fusion Core  
  170  21:07  Siege Tank x3  
  170  21:08  Siege Tank  
  109  21:39  Siege Tank x2  
  113  21:40  Siege Tank, Viking  
  113  21:41  Marine x2  
  96  21:56  SCV  
  97  22:08  SCV  
  83  22:18  SCV x3  
  83  22:20  SCV  
  78  22:23  Refinery  
  78  22:25  Refinery  
Show
View Real Time Build Order
Export as new Build Order

Direktor Zerg - Winner!

Build Orders: Hatch First, Lurkers 

Get SALT Encoding   

  12  0:16  Drone  
  12  0:17  Drone  
  12  0:19  Overlord  
  14  0:44  Hatchery  
  13  1:09  Spawning Pool  
  12  1:12  Drone x2  
  12  1:17  Extractor  
  13  1:19  Drone  
  14  1:41  Drone x2  
  16  1:59  Drone  
  18  2:01  Drone  
  18  2:15  Hatchery  
  17  2:17  Queen  
  19  2:30  Queen  
  21  2:44  Spine Crawler  
  21  2:50  Zergling x2  
  21  2:51  Zergling x2  
  21  3:16  Drone x6  
  27  3:28  Drone  
  27  3:29  Drone  
  29  3:35  Queen  
  29  3:38  Drone x2  
  33  3:44  Lair  
  33  3:50  Drone  
  33  3:53  Overlord  
  34  4:01  Overlord  
  34  4:19  Roach Warren  
  33  4:25  Zergling x2  
  33  4:26  Zergling x18  
  43  4:44  Drone  
  44  4:57  Extractor  
  44  4:59  Drone x7, Spore Crawler  
  49  5:07  Hatchery  
  48  5:17  Metabolic Boost  
  48  5:23  Drone  
  48  5:25  Drone  
  50  5:28  Overlord  
  50  5:31  Overlord  
  50  5:35  Overlord  
  50  5:50  Spore Crawler  
  49  6:00  Drone x9  
  49  6:01  Drone x9  
  67  6:20  Extractor  
  67  6:21  Extractor  
  65  6:37  Baneling Nest  
  64  6:42  Hydralisk Den  
  64  6:46  Drone x3, Spire  
  65  6:48  Drone x2  
  65  6:49  Drone  
  65  6:51  Drone x11  
  79  6:56  Glial Reconstitution  
  79  7:16  Extractor  
  79  7:17  Extractor  
  77  7:26  Grooved Spines  
  77  7:29  Hatchery  
  76  7:30  Queen  
  76  7:34  Centrifugal Hooks  
  76  7:36  Baneling x4  
  76  7:37  Baneling x5  
  78  8:03  Evolution Chamber  
  77  8:07  Evolution Chamber  
  77  8:10  Evolution Chamber  
  75  8:13  Drone x3  
  75  8:16  Overlord x4, Muscular Augments  
  75  8:17  Overlord x2  
  78  8:24  Zergling x4  
  80  8:32  Overlord  
  80  8:33  Overlord x4  
  80  8:36  Zerg Flyer Weapons Level 1  
  80  8:39  Zerg Missile Weapons Level 1  
  80  8:41  Zerg Ground Armor Level 1  
  80  8:51  Drone x8  
  80  8:52  Drone x13  
  80  8:54  Queen  
  103  9:15  Infestation Pit  
  102  9:17  Pneumatized Carapace  
  102  9:20  Tunneling Claws  
  102  9:27  Roach  
  102  9:28  Roach x17  
  138  9:36  Baneling x2  
  138  9:37  Baneling x4  
  138  9:47  Extractor  
  138  9:50  Extractor  
  136  9:54  Spore Crawler  
  136  9:59  Overseer x3  
  135  10:00  Hydralisk x5  
  135  10:01  Hydralisk x6  
  135  10:03  Hatchery  
  156  10:19  Mutalisk  
  156  10:20  Mutalisk x2  
  159  10:30  Zerg Flyer Armor Level 1  
  159  10:31  Zergling x4  
  159  10:32  Zergling x26  
  159  10:34  Overlord x10  
  174  11:01  Hive  
  174  11:03  Zerg Melee Weapons Level 1  
  174  11:05  Zerg Missile Weapons Level 2  
  174  11:06  Zerg Ground Armor Level 2  
  174  11:08  Mutalisk  
  176  11:20  Baneling x6  
  176  11:41  Lurker Den  
  175  11:54  Mutalisk x7  
  139  12:24  Zerg Flyer Weapons Level 2  
  133  12:49  Hatchery  
  132  12:57  Spine Crawler  
  126  12:58  Spine Crawler  
  126  13:02  Spore Crawler  
  120  13:16  Hydralisk x4, Ultralisk Cavern  
  120  13:17  Hydralisk x27  
  140  13:44  Lurker x3  
  140  13:45  Lurker  
  140  13:47  Drone x2  
  140  13:48  Drone  
  143  14:06  Ultralisk x2  
  130  14:38  Drone x2  
  130  14:39  Drone x12  
  118  15:03  Ultralisk x3  
  118  15:04  Ultralisk x3  
  148  15:07  Zergling x10  
  148  15:08  Zergling x28  
  165  15:21  Extractor  
  165  15:25  Extractor  
  165  15:26  Zerg Flyer Weapons Level 3  
  163  15:37  Zerg Melee Weapons Level 2  
  163  15:39  Zerg Missile Weapons Level 3  
  163  15:40  Seismic Spines  
  133  16:10  Hydralisk x10  
  133  16:11  Hydralisk x5  
  157  16:38  Adaptive Talons  
  157  16:39  Mutalisk x6  
  134  17:02  Hatchery  
  134  17:03  Mutalisk x6  
  139  17:13  Queen  
  127  17:47  Ultralisk x5  
  121  17:53  Extractor  
  121  17:55  Extractor  
  103  18:07  Mutalisk x5  
  103  18:12  Queen  
  115  18:13  Zergling x8  
  115  18:14  Zergling x20  
  100  19:12  Hydralisk  
  100  19:13  Hydralisk x20  
  140  19:27  Chitinous Plating  
  134  20:02  Hydralisk x14  
  134  20:03  Hydralisk x2  
  166  20:09  Overseer x2  
  166  20:15  Queen  
  166  20:16  Zergling x2  
  166  20:17  Zergling x14  
  176  20:39  Hatchery  
  175  20:45  Hatchery  
  175  20:46  Anabolic Synthesis  
  175  20:49  Hydralisk x12  
  174  21:20  Extractor  
  174  21:22  Extractor  
  137  21:53  Zergling x44  
  137  21:54  Zergling x30  
Tags
 
Composition
LurkersMech
League
Master
Matchup
TvZ
Spawn Locations
Close Positions
Add a new tag
Caveats
  • Supply blocks, unpowered buildings, or Contaminate may cause inaccurate times.
  • Supply counts are checked every 10 seconds.